 Dungeon Crawl Stone Soup version 0.28-a0-1182-g381e24db82 (webtiles) character file.

Game seed: 17561679844644147852

3371 Fortus the Grappler (level 9, -7/84 HPs)
             Began as a Troll Warper on Dec 17, 2021.
             Mangled by a wyvern skeleton (12 damage)
             ... on level 7 of the Dungeon.
             The game lasted 00:10:57 (5690 turns).

Fortus the Grappler (Troll Warper)                  Turns: 5690, Time: 00:10:57

Health: -7/84      AC:  4    Str: 21 (23) XL:     9   Next: 73%
Magic:  10/12      EV:  9    Int:  9 (11) God:
Gold:   483        SH:  0    Dex:  6 (9)  Spells: 9/14 levels left

rFire   . . .      SeeInvis .     - Unarmed
rCold   . . .      Faith    .   (no shield)
rNeg    + . .      Spirit   .   a - +0 robe
rPois   .          Reflect  .   (helmet restricted)
rElec   .          Harm     .   (no cloak)
rCorr   .          Rampage  .   (gloves unavailable)
Will    .....                   (boots unavailable)
Stlth   +.........              (no amulet)
HPRegen 1.04/turn               s - ring of positive energy
MPRegen 0.13/turn               (no ring)

@: no status effects
A: large, unfitting armour, claws 3, regeneration 1, shaggy fur 1, tough skin 1
a: no special abilities


You were on level 7 of the Dungeon.
You visited 2 branches of the dungeon, and saw 8 of its levels.
You also visited: Ossuary.

You collected 483 gold pieces.

Inventory:

Missiles
 c - 5 boomerangs of dispersal (quivered)
 v - 2 boomerangs
Armour
 a - a +0 robe (worn)
 u - a +0 tower shield
Jewellery
 s - a ring of positive energy (left claw)
Wands
 x - a wand of charming (10)
Scrolls
 b - a scroll of blinking
 d - 8 scrolls of teleportation
 f - 7 scrolls of identify {unknown}
 g - a scroll of holy word {unknown}
 h - a scroll of acquirement {unknown}
 i - 2 scrolls of fog {unknown}
 k - 3 scrolls of enchant armour {unknown}
 p - a scroll of brand weapon {unknown}
 q - 2 scrolls of vulnerability {unknown}
 r - a scroll of amnesia {unknown}
 t - a scroll of enchant weapon {unknown}
 y - 3 scrolls of fear {unknown}
Potions
 e - a potion of invisibility {unknown}
 j - 2 potions of degeneration
 l - 2 potions of lignification {unknown}
 m - a potion of resistance {unknown}
 n - 2 potions of might {unknown}
 o - a potion of ambrosia {unknown}
 w - 5 potions of curing
 z - a potion of cancellation {unknown}
 A - a potion of haste {unknown}
 B - 3 potions of mutation {unknown}
 C - 2 potions of heal wounds {unknown}
 D - 2 potions of brilliance {unknown}


   Skills:
 + Level 4.0 Fighting
 - Level 0.8 Throwing
 - Level 1.9 Dodging
 + Level 3.4 Shields
 * Level 9.6 Unarmed Combat
 - Level 3.2 Spellcasting
 + Level 5.4 Translocations


You had 9 spell levels left.
You knew the following spells:

 Your Spells              Type           Power      Damage    Failure   Level
a - Blink                 Tloc           22%        N/A       4%          2
b - Lesser Beckoning      Tloc           11%        N/A       10%         3

Your spell library contained the following spells:

 Spells                   Type           Power      Damage    Failure   Level
 Gell's Gravitas          Tloc           11%        N/A       10%         3
 Teleport Other           Tloc           11%        N/A       10%         3
 Animate Skeleton         Necr           2%         N/A       30%         1
 Beastly Appendage        Tmut           2%         N/A       30%         1
 Shock                    Conj/Air       4%         1d3       30%         1
 Frozen Ramparts          Ice            2%         1d2       65%         3
 Manifold Assault         Tloc           11%        N/A       65%         5
 Ice Form                 Ice/Tmut       1%         N/A       96%         4
 Summon Ice Beast         Ice/Summ       1%         N/A       96%         4


Dungeon Overview and Level Annotations

Branches:
Dungeon (7/15)             Temple (1/1) D:4         Ossuary (visited)

Altars:
Ashenzari
Cheibriados
Elyvilon
Fedhas
Gozag
Hepliaklqana
Kikubaaqudgha
Makhleb
Nemelex Xobeh
Okawaru
Qazlal
Ru
Trog
Uskayaw
Vehumet
Wu Jian
Zin

Portals:
Abyss: D:7

Annotations:
D:7 1 transporter


Innate Abilities, Weirdness & Mutations

You are too large for most types of armour.
You have claws for hands.
Your natural rate of healing is unusually fast.
You are covered in fur. (AC +1)
You have tough skin. (AC +1)


Message History

You completely miss the hound.
The hound is severely wounded.
You feel sick. The hound bites you.
* * * LOW HITPOINT WARNING * * *
The hound bites you but does no damage.
You mangle the hound!!
You kill the hound!
You feel sick.
You barely miss the black bear.
You feel sick.
You completely miss the black bear.
You feel sick. The black bear bites you.
* * * LOW HITPOINT WARNING * * *
The black bear closely misses you.
The black bear claws you but does no damage.
Casting: Blink (safe; 4% risk of failure)
Confirm with . or Enter, or press ? or * to list all spells.
You blink.
Found 12 gold pieces and a curved glowing staff.
You feel sick.
Casting: Blink (safe; 4% risk of failure)
Confirm with . or Enter, or press ? or * to list all spells.
You are still too unstable to blink.
You feel sick. The wyvern skeleton barely misses you.
You feel sick.
You are no longer poisoned.
The wyvern skeleton bites you!
* * * LOW HITPOINT WARNING * * *
You see here a scroll labelled BEUROA EZOS.
The wyvern skeleton barely misses you. The black bear bites you.
* * * LOW HITPOINT WARNING * * *
The black bear claws you but does no damage. x2
The wyvern skeleton bites you but does no damage.
It was a potion of degeneration.
There was something very wrong with that liquid.
You feel weakened.
You feel dopey.
You feel clumsy.
You feel stable enough to blink again. The black bear barely misses you.
The black bear claws you.
* * * LOW HITPOINT WARNING * * *
The black bear claws you but does no damage.
The wyvern skeleton bites you!
You die...

#########
######.......#
##............##
###.#####)........
###
#..##(..##......##
...
#..#[....).####(.#
#.# ####
#..#.....###.|##.#
#..###...
#..#(....##.!hZ#
#.......
#..##...'#).ZO@#
.............
#.#.#####.##|$##
#############
###.##....#'###+#
# .........##[##
## .........#.)[#
# #######.
.........##.##.##.
[.......
..........###.....
.#######
................#
# ..........[..###
##


You could see a black bear, an ogre and 2 wyvern skeletons.

Vanquished Creatures
  2 water moccasins
  An orc warrior (D:6)
  2 sky beasts
  2 black bears (D:6)
  2 ice beasts
  4 ogres
  A necrophage (D:4)
  A hornet zombie (D:6)
  5 centaurs
  A phantom (D:5)
  2 scorpions
  A water moccasin zombie (D:7)
  2 water moccasin skeletons
  2 killer bees (D:7)
  A howler monkey (D:6)
  An electric eel (D:6)
  A centaur zombie (D:7)
  2 bullfrog zombies
  4 orc priests
  A centaur skeleton (D:7)
  6 hounds
  4 iguanas
  8 orc wizards
  9 mummies
  7 gnolls
  4 adders
  A howler monkey skeleton (D:7)
  3 white imps (D:7)
  An ufetubus (D:7)
  2 worms (D:2)
  3 dart slugs
  17 orcs
  5 bats
  6 endoplasms
  7 giant cockroaches
  2 gnoll zombies (Ossuary)
  6 goblins
  4 hobgoblins
  12 kobolds
  4 quokkas
  4 ball pythons
  3 frilled lizards
  3 hobgoblin zombies
  5 kobold zombies
  2 orc zombies (Ossuary)
  4 rats
170 creatures vanquished.

Vanquished Creatures (others)
  An orc wizard (D:3)
  5 plants (D:3)
6 creatures vanquished.

Grand Total: 176 creatures vanquished

Notes
Turn   | Place    | Note
-------+----------+-------------------------------------------
     0 | D:1      | Fortus the Troll Warper began the quest for the Orb.
     0 | D:1      | Reached XP level 1. HP: 19/19 MP: 1/1
   314 | D:1      | Reached XP level 2. HP: 27/27 MP: 3/3
   650 | D:1      | Found a faded altar of an unknown god.
   911 | D:2      | Reached XP level 3. HP: 33/33 MP: 4/4
   948 | D:2      | Reached skill level 3 in Unarmed Combat
  1079 | D:2      | Learned a level 2 spell: Blink
  1134 | D:2      | Got An Introduction to Spellcasting
  1509 | D:3      | Reached XP level 4. HP: 37/41 MP: 5/5
  1705 | D:3      | Found a hide-covered altar of Uskayaw.
  1759 | D:3      | Reached XP level 5. HP: 37/48 MP: 6/6
  1763 | D:3      | Reached skill level 4 in Unarmed Combat
  2231 | D:3      | Found a white marble altar of Elyvilon.
  2428 | D:4      | Reached XP level 6. HP: 34/55 MP: 8/8
  2632 | D:4      | Reached skill level 5 in Unarmed Combat
  2696 | D:4      | Found a staircase to the Ecumenical Temple.
  2781 | D:4      | Reached XP level 7. HP: 59/62 MP: 9/9
  2791 | D:4      | Found a snail-covered altar of Cheibriados.
  3182 | D:5      | Entered Level 5 of the Dungeon
  3237 | D:5      | Reached skill level 6 in Unarmed Combat
  3243 | D:5      | Learned a level 3 spell: Lesser Beckoning
  3397 | D:5      | Found a bloodstained altar of Trog.
  3414 | D:5      | Reached XP level 8. HP: 37/70 MP: 11/11
  3420 | D:5      | Reached skill level 7 in Unarmed Combat
  3880 | Temple   | Entered the Ecumenical Temple
  4153 | D:6      | Reached skill level 1 in Shields
  4319 | D:6      | Reached skill level 8 in Unarmed Combat
  4377 | D:6      | Reached XP level 9. HP: 11/80 MP: 12/12
  4822 | D:6      | Reached skill level 5 in Translocations
  4970 | D:6      | Found a broken altar of Ashenzari.
  5055 | D:7      | Found an iron altar of Okawaru.
  5166 | D:7      | Found a sand-covered staircase.
  5179 | Ossuary  | Entered an ossuary
  5412 | D:7      | Found a one-way gate to the infinite horrors of the Abyss.
  5427 | D:7      | Found a transporter.
  5469 | D:7      | Reached skill level 9 in Unarmed Combat
  5690 | D:7      | Mangled by a wyvern skeleton

Illustrated notes

Levels and vault maps discovered:
D:1:      dpeg_arrival_lava_temple_mockup, layout_loops_ring,
          hellmonk_ecumenical_altar_prayer_group,
          nicolae_concentric_dashed_squares_mild
D:2:      minmay_recursive_quarters, layout_rooms, hangedman_decor_push
D:3:      layout_loops_ring, nicolae_elyvilon_temple_path,
          nicolae_uskayaw_dance_hall, nrook_mini_vaults, roderic_lattice_a
D:4:      layout_loops_ring, overflow_temple_1_default,
          minmay_temple_entry_antechambers
D:5:      layout_cave_pools, mainiacjoe_overflow_catwalk, minmay_mini_ossuary
D:6:      layout_loops_ring, overflow_temple_1_default, fountainhead,
          kennysheep_cross_bottleneck
D:7:      layout_rooms, mainiacjoe_overflow_cross_hatched,
          nicolae_ossuary_entry_false_entrances, gammafunk_ghost_abyssal_escape,
          minmay_joined_circles
Temple:   jpeg_temple_clearing

Skill      XL: |  1  2  3  4  5  6  7  8  9 |
---------------+----------------------------+-----
Unarmed Combat | 3 4 5 6 8 9 |  9.6
Spellcasting   | 2 3 |  3.2
Translocations | 3 4 5 |  5.4
Fighting       | 2 4 |  4.0
Shields        | 2 3 |  3.4
Throwing       | |  0.8
Dodging        | |  1.9

Action                   |  1- 3 |  4- 6 |  7- 9 || total
-------------------------+-------+-------+-------++-------
Melee: Unarmed           |   118 |   141 |   306 ||   565
       Punch             |       |     1 |    14 ||    15
 Cast: Blink             |       |       |     2 ||     2
  Use: Potion            |       |       |     3 ||     3
       Scroll            |       |       |     1 ||     1
 Stab: Sleeping          |       |     1 |     1 ||     2
Armor: Robe              |    39 |    39 |    88 ||   166
Dodge: Dodged            |    49 |    68 |   131 ||   248

Table legend: (Time is in decaauts)
 A = Elapsed time spent in this place.
 B = Non-inter-level travel time spent in this place.
 C = Inter-level travel time spent in this place.
 D = Time resting spent in this place.
 E = Time spent auto-exploring this place.
 F = Levels seen in this place.
 G = Mean time per level.
                   A        B        C        D        E       F      G
               +--------+--------+--------+--------+--------+-----+--------+
         Total |   5630 |   5249 |    381 |    226 |   3893 |   9 |  625.6 |
       Dungeon |   5356 |   4988 |    368 |    226 |   3708 |   7 |  765.1 |
        Temple |     88 |     75 |     13 |      0 |     64 |   1 |   88.0 |
       Ossuary |    185 |    185 |      0 |      0 |    121 |   1 |  185.0 |
               +--------+--------+--------+--------+--------+-----+--------+

Top non-repeatable levels by time:
     D:4: 986 daAuts
     D:3: 917 daAuts
     D:6: 840 daAuts
     D:5: 764 daAuts
     D:1: 757 daAuts
     D:2: 652 daAuts
     D:7: 437 daAuts
 Ossuary: 185 daAuts
  Temple: 88 daAuts
